 Dungeon Crawl Stone Soup version 0.24.0-1-gfbc8707122 (webtiles) character file.

Game seed: 7050548898908453914, levelgen mode: deterministic

109 Johnny the Digger (level 4, -2/33 HPs)
             Began as a Demigod Earth Elementalist on Oct 28, 2019.
             Slain by a gnoll
             ... wielding a +0 halberd
              (13 damage)
             ... on level 3 of the Dungeon.
             The game lasted 00:02:06 (2040 turns).

Johnny the Digger (Demigod Earth Elementalist)      Turns: 2040, Time: 00:02:06

Health: -2/33      AC:  3    Str: 11    XL:     4   Next: 35%
Magic:  1/10       EV: 12    Int: 21    God:
Gold:   137        SH:  0    Dex: 16    Spells: 7/8 levels left

rFire    . . .     SeeInvis .   m - +0 short sword (protect)
rCold    . . .     Gourm    +   (no shield)
rNeg     . . .     Faith    .   c - +0 robe
rPois    .         Spirit   .   q - +0 helmet
rElec    .         Reflect  .   (no cloak)
rCorr    .         Harm     .   (no gloves)
MR       .....                  (no boots)
Stlth    ++........             g - amulet of the gourmand
HPRegen  0.11/turn              (no ring)
MPRegen  0.12/turn              (no ring)

@: no status effects
A: high mp 1
a: no special abilities


You were on level 3 of the Dungeon.
You were hungry.

You visited 1 branch of the dungeon, and saw 3 of its levels.

You collected 137 gold pieces.

Inventory:

Hand Weapons
 m - a +0 short sword of protection (weapon)
Missiles
 b - 141 stones (quivered)
Armour
 c - a +0 robe (worn)
 q - a +0 helmet (worn)
Jewellery
 g - an amulet of the gourmand (around neck)
Scrolls
 f - 2 scrolls of remove curse
 h - a scroll of fog {unknown}
 i - 2 scrolls of enchant armour {unknown}
 k - a scroll of identify {unknown}
 l - a scroll of enchant weapon {unknown}
 o - a scroll of blinking {unknown}
Potions
 a - a potion of ambrosia {unknown}
 e - 2 potions of berserk rage {unknown}
 j - a potion of cancellation {unknown}
 n - a potion of brilliance {unknown}
 p - a potion of curing {unknown}
 r - a potion of haste {unknown}
Comestibles
 d - 3 rations


   Skills:
 - Level 1.7 Dodging
 - Level 1.7 Stealth
 + Level 2.7 Spellcasting
   Level 0.8 Transmutations
 * Level 4.3 Earth Magic


You had 7 spell levels left.
You knew the following spells:

 Your Spells              Type           Power        Failure   Level  Hunger
a - Sandblast             Erth           ###...       2%          1    None

Your spell library contained the following spells:

 Spells                   Type           Power        Failure   Level  Hunger
 Passwall                 Tmut/Erth      ##......     7%          2    ##.....
 Stone Arrow              Conj/Erth      ##....       17%         3    ###....
 Petrify                  Tmut/Erth      ##......     43%         4    ####...
 Lee's Rapid Deconstruct  Erth           ###.......   54%         5    ######.


Dungeon Overview and Level Annotations

Branches:
Dungeon (3/15)


Innate Abilities, Weirdness & Mutations

You have an increased reservoir of magic. (+10% MP)


Message History

A gnoll comes into view. It is wielding a +0 flail.
The gnoll moves out of view.
The gnoll shouts!
The gnoll throws a throwing net.
The throwing net barely misses you.
You see here a throwing net.
The gnoll throws a throwing net.
The throwing net closely misses you. The gnoll closely misses you.
You see here a jackal corpse.
Casting: Sandblast (safe; 2% risk of failure)
Confirm with . or Enter, or press ? or * to list all spells.
Aiming: Sandblast (safe; 2% risk of failure)
Press: ? - help, Shift-Dir - straight line, f - gnoll
Aim: a gnoll, wielding a +0 flail The blast of sand hits the gnoll.
The gnoll is moderately wounded.
b - 141 stones The gnoll hits you with a +0 flail!
The gnoll barely misses you.
The gnoll hits you from afar with a +0 halberd!
You die...

.......(..........## ..
.....###..........<##.#
.....# #.............)
.....# #..††........#
....o###....=o......#
......)..).........##
.....###........g.##
.....# #......g$.##
.....# #........@#
.....# #.........#
###### #########.##
#..### #....# #<.>.# #
#....#.# #......#
#....###


You could see 2 gnolls and an orc.

Vanquished Creatures
  An orc wizard (D:3)
  A gnoll (D:3)
  2 adders (D:2)
  A worm (D:2)
  2 dart slugs
  A leopard gecko (D:1)
  2 orcs (D:3)
  6 bats
  A giant cockroach (D:3)
  3 goblins
  8 hobgoblins
  2 jackals (D:3)
  6 kobolds
  A quokka (D:2)
  2 ball pythons
  A frilled lizard (D:1)
  7 rats
  A spectral orc (D:2)
48 creatures vanquished.

Notes
Turn   | Place    | Note
-------+----------+-------------------------------------------
     0 | D:1      | Johnny the Demigod Earth Elementalist began the quest for
                  | the Orb.
     0 | D:1      | Reached XP level 1. HP: 14/14 MP: 5/5
   257 | D:1      | Reached skill level 3 in Earth Magic
   594 | D:1      | Reached XP level 2. HP: 9/20 MP: 5/7
  1248 | D:2      | Reached XP level 3. HP: 23/26 MP: 3/9
  1601 | D:2      | Found a burning altar of Makhleb.
  1601 | D:2      | Found a shimmering altar of Xom.
  1916 | D:2      | Found a basalt altar of Yredelemnul.
  1958 | D:2      | Found a white marble altar of Elyvilon.
  1958 | D:2      | Found an ancient bone altar of Kikubaaqudgha.
  1959 | D:2      | Found a shadowy altar of Dithmenos.
  1984 | D:3      | Reached skill level 4 in Earth Magic
  2019 | D:3      | Reached XP level 4. HP: 29/33 MP: 3/10
  2040 | D:3      | Slain by a gnoll

Levels and vault maps discovered:
D:1:      eino_arrival_water_star, layout_basic
D:2:      layout_rooms, gammafunk_temple_overflow_statue,
          gammafunk_temple_overflow_claw, yredelemnul_forgotten_temple_becter
D:3:      minmay_door_path, layout_rooms, lemuel_doored_altar, first_ration

Skill      XL: |  1  2  3 |
---------------+----------+-----
Earth Magic    | 3 4 |  4.3
Spellcasting   | 2 |  2.7
Dodging        | |  1.7
Stealth        | |  1.7
Transmutations | |  0.8

Action                   |  1- 3 |  4- 6 || total
-------------------------+-------+-------++-------
Melee: Whip              |    39 |       ||    39
       Unarmed           |     2 |       ||     2
       Short sword       |    80 |       ||    80
 Cast: Sandblast         |    29 |     5 ||    34
  Use: Scroll            |     1 |       ||     1
 Stab: Sleeping          |     8 |       ||     8
  Eat: Chunk             |     7 |       ||     7
Armor: Robe              |    35 |     1 ||    36
Dodge: Dodged            |    79 |     8 ||    87
